[ AOE2 MATCH · #513889854 ]
UnrankedKoreans vs Sicilians
Player's team · LOSS
[ REPLAY ANALYSIS · EXTRACTED FROM THE RECORDED GAME ]
Feudal
12:11
Castle
—
Imperial
—
| APM avg | 70.6 |
| APM peak | 135 |
| eAPM avg | 25.2 |
| Villagers / military | 35 / 2 |
Focus
⚔️ 37.3% · 🌾 62.7%
Militia ×2
Feudal
—
Castle
—
Imperial
—
| APM avg | 68.1 |
| APM peak | 124 |
| eAPM avg | 35.4 |
| Villagers / military | 88 / 0 |
Focus
⚔️ 33.3% · 🌾 66.7%
Match map
Initial resources + every placement click. Lines = walls · curves = elevation contours. ◆ gold · ⬟ stone · ● berries · ✦ relic · ◌ wall gap
Your base· Open — unwalled flank
el rey de los chanchos's base· Open — unwalled flank
Smoothed initial terrain · ◌ = detected wall gap · hover for details
Inputs per minute
— stag11 - - el rey de los chanchos
Build order — stag11
78 actions detected in the replay
| 0:00 | Queue | Villager (Male) |
| 0:02 | Build | House |
| 0:03 | Build | House |
| 0:08 | Queue | Villager (Male) |
| 0:10 | Queue | Villager (Male) |
| 0:11 | Queue | Villager (Male) |
| 0:54 | Research | Loom |
| 1:11 | Build | House |
| 1:50 | Queue | Villager (Male) |
| 2:07 | Queue | Villager (Male) |
| 2:28 | Queue | Villager (Male) |
| 3:03 | Build | House |
| 3:04 | Queue | Villager (Male) |
| 3:07 | Build | Lumber Camp |
| 3:18 | Queue | Villager (Male) |
| 4:06 | Queue | Villager (Male) |
| 4:13 | Queue | Villager (Male) |
| 4:52 | Queue | Villager (Male) |
| 5:15 | Build | House |
| 5:21 | Queue | Villager (Male) |
| 6:00 | Queue | Villager (Male) |
| 6:13 | Queue | Villager (Male) |
| 6:20 | Build | Mill |
| 6:26 | Queue | Villager (Male) |
| 7:22 | Queue | Villager (Male) |
| 7:23 | Queue | Villager (Male) |
| 7:35 | Build | Mill |
| 7:37 | Queue | Villager (Male) |
| 7:47 | Queue | Villager (Male) |
| 7:53 | Queue | Villager (Male) |
| 8:17 | Queue | Villager (Male) |
| 8:38 | Build | House |
| 8:41 | Queue | Villager (Male) |
| 9:06 | Queue | Villager (Male) |
| 9:13 | Queue | Villager (Male) |
| 9:51 | Build | Barracks |
| 10:03 | Research | Feudal Age |
| 10:03 | Research | Feudal Age |
| 10:38 | Build | House |
| 10:39 | Build | Palisade Wall |
| 10:41 | Build | Palisade Wall |
| 10:46 | Queue | Militia |
| 10:46 | Queue | Militia |
| 10:56 | Build | House |
| 11:00 | Build | Palisade Wall |
| 11:02 | Build | Palisade Wall |
| 11:02 | Queue | Villager (Male) |
| 11:03 | Build | Palisade Wall |
| 11:08 | Build | Palisade Wall |
| 11:08 | Queue | Villager (Male) |
| 11:14 | Build | House |
| 11:17 | Build | Palisade Wall |
| 11:23 | Build | Palisade Wall |
| 11:28 | Build | Palisade Wall |
| 11:31 | Queue | Villager (Male) |
| 11:36 | Build | Palisade Wall |
| 11:39 | Build | Palisade Wall |
| 11:48 | Build | Palisade Gate |
| 12:11 | Age | Feudal Age |
| 13:04 | Build | House |
| 13:23 | Build | Farm |
| 13:33 | Queue | Villager (Male) |
| 13:52 | Build | Watch Tower |
| 14:07 | Queue | Villager (Male) |
| 14:09 | Build | Farm |
| 14:09 | Queue | Villager (Male) |
| 14:27 | Build | House |
| 14:30 | Build | Palisade Wall |
| 14:35 | Build | Palisade Wall |
| 14:39 | Queue | Villager (Male) |
| 14:45 | Build | Farm |
| 14:49 | Build | Palisade Wall |
| 15:25 | Build | Palisade Wall |
| 15:29 | Build | Palisade Wall |
| 15:36 | Queue | Villager (Male) |
| 16:20 | Queue | Villager (Male) |
| 16:33 | Build | Palisade Wall |
| 17:15 | Queue | Villager (Male) |
Build order — el rey de los chanchos
116 actions detected in the replay
| 0:00 | Queue | Villager (Male) |
| 0:01 | Queue | Villager (Male) |
| 0:02 | Build | House |
| 0:03 | Build | House |
| 0:07 | Queue | Villager (Male) |
| 0:07 | Queue | Villager (Male) |
| 0:08 | Queue | Villager (Male) |
| 0:10 | Research | Loom |
| 0:10 | Queue | Villager (Male) |
| 0:10 | Queue | Villager (Male) |
| 0:10 | Queue | Villager (Male) |
| 0:11 | Queue | Villager (Male) |
| 2:11 | Queue | Villager (Male) |
| 2:54 | Queue | Villager (Male) |
| 2:55 | Queue | Villager (Male) |
| 3:24 | Queue | Villager (Male) |
| 3:37 | Queue | Villager (Male) |
| 3:38 | Queue | Villager (Male) |
| 3:38 | Queue | Villager (Male) |
| 4:11 | Queue | Villager (Male) |
| 4:11 | Queue | Villager (Male) |
| 4:12 | Queue | Villager (Male) |
| 4:12 | Queue | Villager (Male) |
| 4:41 | Build | Palisade Gate |
| 4:48 | Build | House |
| 4:52 | Build | House |
| 5:06 | Queue | Villager (Male) |
| 5:06 | Queue | Villager (Male) |
| 5:07 | Queue | Villager (Male) |
| 5:07 | Queue | Villager (Male) |
| 5:07 | Queue | Villager (Male) |
| 5:35 | Queue | Villager (Male) |
| 5:35 | Queue | Villager (Male) |
| 5:35 | Queue | Villager (Male) |
| 5:35 | Queue | Villager (Male) |
| 5:36 | Queue | Villager (Male) |
| 5:37 | Build | House |
| 5:37 | Build | House |
| 6:08 | Queue | Villager (Male) |
| 6:08 | Queue | Villager (Male) |
| 6:14 | Queue | Villager (Male) |
| 6:14 | Queue | Villager (Male) |
| 6:15 | Queue | Villager (Male) |
| 6:25 | Queue | Villager (Male) |
| 6:25 | Queue | Villager (Male) |
| 6:43 | Queue | Villager (Male) |
| 6:44 | Queue | Villager (Male) |
| 6:44 | Queue | Villager (Male) |
| 7:04 | Build | Palisade Wall |
| 7:31 | Queue | Villager (Male) |
| 7:31 | Queue | Villager (Male) |
| 7:31 | Queue | Villager (Male) |
| 7:31 | Queue | Villager (Male) |
| 7:31 | Queue | Villager (Male) |
| 7:32 | Queue | Villager (Male) |
| 7:57 | Queue | Villager (Male) |
| 7:58 | Queue | Villager (Male) |
| 7:58 | Queue | Villager (Male) |
| 8:04 | Build | Lumber Camp |
| 8:07 | Queue | Villager (Male) |
| 8:08 | Queue | Villager (Male) |
| 8:08 | Queue | Villager (Male) |
| 8:41 | Queue | Villager (Male) |
| 8:42 | Queue | Villager (Male) |
| 8:42 | Queue | Villager (Male) |
| 9:01 | Queue | Villager (Male) |
| 9:17 | Queue | Villager (Male) |
| 9:17 | Queue | Villager (Male) |
| 9:18 | Queue | Villager (Male) |
| 9:18 | Queue | Villager (Male) |
| 9:36 | Build | House |
| 9:38 | Build | Palisade Wall |
| 9:40 | Queue | Villager (Male) |
| 9:48 | Queue | Villager (Male) |
| 9:48 | Queue | Villager (Male) |
| 9:48 | Queue | Villager (Male) |
| 9:57 | Build | House |
| 9:59 | Build | Palisade Wall |
| 10:05 | Queue | Villager (Male) |
| 10:06 | Queue | Villager (Male) |
| 10:06 | Queue | Villager (Male) |
| 10:34 | Queue | Villager (Male) |
| 10:34 | Queue | Villager (Male) |
| 10:34 | Queue | Villager (Male) |
| 10:38 | Build | Mill |
| 11:38 | Build | Town Center |
| 12:32 | Queue | Villager (Male) |
| 12:32 | Queue | Villager (Male) |
| 12:32 | Queue | Villager (Male) |
| 12:33 | Queue | Villager (Male) |
| 12:33 | Queue | Villager (Male) |
| 12:33 | Queue | Villager (Male) |
| 12:33 | Queue | Villager (Male) |
| 12:34 | Queue | Villager (Male) |
| 12:34 | Queue | Villager (Male) |
| 12:34 | Queue | Villager (Male) |
| 12:34 | Queue | Villager (Male) |
| 12:35 | Queue | Villager (Male) |
| 12:35 | Queue | Villager (Male) |
| 12:35 | Queue | Villager (Male) |
| 12:35 | Queue | Villager (Male) |
| 13:04 | Queue | Villager (Male) |
| 13:04 | Queue | Villager (Male) |
| 13:04 | Queue | Villager (Male) |
| 14:36 | Build | Palisade Wall |
| 14:37 | Build | Palisade Wall |
| 14:41 | Build | Palisade Wall |
| 14:44 | Build | Palisade Wall |
| 14:45 | Build | Palisade Wall |
| 14:46 | Build | Palisade Wall |
| 14:48 | Build | Palisade Wall |
| 14:49 | Build | Palisade Wall |
| 15:09 | Build | Palisade Wall |
| 15:12 | Build | Palisade Wall |
| 17:11 | Build | Palisade Wall |
| 17:12 | Build | Palisade Wall |
Match timeline
| 7:04 | el rey de los chanchos · wall_segment Palisade Wall x1 |
| 9:38 | el rey de los chanchos · wall_segment Palisade Wall x3 |
| 9:51 | stag11 · first_building Barracks |
| 9:59 | el rey de los chanchos · wall_segment Palisade Wall x3 |
| 10:39 | stag11 · wall_segment Palisade Wall x9 |
| 10:41 | stag11 · wall_segment Palisade Wall x1 |
| 11:00 | stag11 · wall_segment Palisade Wall x1 |
| 11:02 | stag11 · wall_segment Palisade Wall x1 |
| 11:03 | stag11 · wall_segment Palisade Wall x1 |
| 11:08 | stag11 · wall_segment Palisade Wall x1 |
| 11:17 | stag11 · wall_segment Palisade Wall x1 |
| 11:23 | stag11 · wall_segment Palisade Wall x1 |
| 11:28 | stag11 · wall_segment Palisade Wall x1 |
| 11:36 | stag11 · wall_segment Palisade Wall x1 |
| 11:39 | stag11 · wall_segment Palisade Wall x1 |
| 12:11 | stag11 · age_up feudal |
| 14:30 | stag11 · wall_segment Palisade Wall x1 |
| 14:35 | stag11 · wall_segment Palisade Wall x1 |
| 14:36 | el rey de los chanchos · wall_segment Palisade Wall x1 |
| 14:37 | el rey de los chanchos · wall_segment Palisade Wall x1 |
| 14:41 | el rey de los chanchos · wall_segment Palisade Wall x2 |
| 14:44 | el rey de los chanchos · wall_segment Palisade Wall x1 |
| 14:45 | el rey de los chanchos · wall_segment Palisade Wall x1 |
| 14:46 | el rey de los chanchos · wall_segment Palisade Wall x1 |
| 14:48 | el rey de los chanchos · wall_segment Palisade Wall x4 |
| 14:49 | stag11 · wall_segment Palisade Wall x1 |
| 14:49 | el rey de los chanchos · wall_segment Palisade Wall x1 |
| 15:09 | el rey de los chanchos · wall_segment Palisade Wall x1 |
| 15:12 | el rey de los chanchos · wall_segment Palisade Wall x1 |
| 15:25 | stag11 · wall_segment Palisade Wall x1 |
| 15:29 | stag11 · wall_segment Palisade Wall x1 |
| 16:33 | stag11 · wall_segment Palisade Wall x1 |
| 17:11 | el rey de los chanchos · wall_segment Palisade Wall x1 |
| 17:12 | el rey de los chanchos · wall_segment Palisade Wall x1 |
| 17:38 | stag11 · resign |
[ AI ANALYSIS · 1 CREDIT ]
What really happened in this match?
Wolo.gg analyzes every decision: build order, eco, micro, common mistakes by bracket. Personalized analysis on WhatsApp or Discord in 30 seconds.
Civ guide
Koreans
Perfil
Jugador #2094048